 Dungeon Crawl Stone Soup version 0.26.0-10-g1f06aea511 (webtiles) character file.

Game seed: 6342832151252051338

81 gruber the Sneak (level 4, -5/21 HPs)
             Began as a Spriggan Enchanter on Jan 14, 2021.
             Killed by nerve-wracking pain
             ... invoked by an orc priest
              (11 damage)
             ... on level 3 of the Dungeon.
             The game lasted 00:03:43 (3509 turns).

gruber the Sneak (Spriggan Enchanter)               Turns: 3509, Time: 00:03:44

Health: -5/21      AC:  2    Str:  4    XL:     4   Next: 20%
Magic:  1/9        EV: 18    Int: 17    God:
Gold:   159        SH:  0    Dex: 16    Spells: 2/8 levels left

rFire    x . .     SeeInvis +   a - +1 dagger
rCold    + . .     Faith    .   (shield restricted)
rNeg     . . .     Spirit   .   b - +0 robe
rPois    .         Reflect  .   (helmet restricted)
rElec    .         Harm     .   (no cloak)
rCorr    .         Rampage  .   (gloves unavailable)
Will     .....                  (boots unavailable)
Stlth    ++++......             (no amulet)
HPRegen  0.07/turn              j - ring of ice
MPRegen  0.11/turn              (no ring)

@: very quick
A: very small, unfitting armour, see invisible, speed 3
a: no special abilities


You were on level 3 of the Dungeon.
You visited 1 branch of the dungeon, and saw 3 of its levels.

You collected 159 gold pieces.

Inventory:

Hand Weapons
 a - a +1 dagger (weapon)
Missiles
 p - 14 poisoned darts (quivered)
Armour
 b - a +0 robe (worn)
Jewellery
 j - a ring of ice (left hand)
Wands
 l - a wand of paralysis (3)
Scrolls
 c - 4 scrolls of remove curse {unknown}
 d - 2 scrolls of fear {unknown}
 e - a scroll of blinking {unknown}
 h - a scroll of noise {unknown}
 i - a scroll of enchant armour {unknown}
 m - a scroll of teleportation {unknown}
 n - a scroll of magic mapping {unknown}
 o - a scroll of identify {unknown}
 s - a scroll of fog {unknown}
Potions
 f - 3 potions of heal wounds {unknown}
 g - a potion of attraction {unknown}
 k - a potion of might {unknown}
 q - a potion of cancellation {unknown}
 r - a potion of lignification {unknown}
 t - a potion of berserk rage {unknown}


   Skills:
 - Level 1.1 Short Blades
 - Level 0.3 Throwing
 - Level 3.0 Dodging
 + Level 7.6 Stealth
 - Level 2.6 Spellcasting
 - Level 3.6 Hexes
 + Level 0.3 Ice Magic


You had 2 spell levels left.
You knew the following spells:

 Your Spells              Type           Power        Failure   Level
a - Corona                Hex            15%          4%          1
b - Ensorcelled Hibernat  Hex/Ice        26%          12%         2
c - Confusing Touch       Hex            14%          12%         3

Your spell library contained the following spells:

 Spells                   Type           Power        Failure   Level
 Tukima's Dance           Hex            14%          12%         3
 Dazzling Flash           Conj/Hex       16%          26%         3


Dungeon Overview and Level Annotations

Branches:
Dungeon (3/15)

Altars:
Fedhas


Innate Abilities, Weirdness & Mutations

You are very small and have problems with some larger weapons.
You are too small for most types of armour.
You have supernaturally acute eyesight. (SInv)
You cover ground extremely quickly.


Message History

The orc priest resists with some effort.
The adder skeleton barely misses you.
The orc priest mumbles some strange prayers to Beogh against you.
Beogh smites you!
Ouch! That really hurt!
* * * LOW HITPOINT WARNING * * *
Unknown command.
Casting: Ensorcelled Hibernation (safe; 12% risk of failure)
Confirm with . or Enter, or press ? or * to list all spells.
Aiming: Ensorcelled Hibernation (safe; 12% risk of failure)
Press: ? - help, Shift-Dir - straight line, f/p - orc priest
Aim: an orc priest, wielding a +0 hand axe and wearing a +0 leather armour (chance to affect: 44%)
You feel a surge of power!
The orc priest resists with some effort.
The adder skeleton bites you.
* * * LOW HITPOINT WARNING * * *
The orc priest invokes the aid of Beogh against you.
Pain shoots through your body!
Ouch! That really hurt!
You die...

...###.# #.####.# .....
#......# #...# ......##
#.o.# ##..#.##### #...#
..........# #...#
#####.###.#####...#####.
# #.###.......o....... #
#..........Z@....... #
#..##.........).....
#####.....#####...#####.
.......#### #...#
######.# #...# ...# #.#
#..(# ###.##.##### #...#
# #.....####.((# #
#.##........####


You could see an orc priest, an orc and an adder skeleton.

Vanquished Creatures
  Robin (D:3)
  An adder (D:2)
  A worm (D:2)
  2 dart slugs
  4 orcs
  A ball python (D:1)
  4 giant cockroaches
  15 goblins
  5 hobgoblins
  3 kobolds
  4 bats
  3 frilled lizards
  5 rats
49 creatures vanquished.

Vanquished Creatures (others)
  3 plants (D:3)
3 creatures vanquished.

Grand Total: 52 creatures vanquished

Notes
Turn   | Place    | Note
-------+----------+-------------------------------------------
     0 | D:1      | gruber the Spriggan Enchanter began the quest for the Orb.
     0 | D:1      | Reached XP level 1. HP: 9/9 MP: 5/5
   221 | D:1      | Reached skill level 5 in Stealth
   540 | D:1      | Reached XP level 2. HP: 12/13 MP: 6/6
   543 | D:1      | Learned a level 2 spell: Ensorcelled Hibernation
  1118 | D:1      | Reached skill level 6 in Stealth
  1278 | D:2      | Found a faded altar of an unknown god.
  1666 | D:2      | Reached XP level 3. HP: 16/16 MP: 5/8
  1670 | D:2      | Learned a level 3 spell: Confusing Touch
  2318 | D:3      | Reached skill level 7 in Stealth
  2923 | D:3      | Noticed Robin
  3087 | D:3      | Killed Robin
  3088 | D:3      | Reached XP level 4. HP: 18/21 MP: 2/9
  3473 | D:3      | Found a blossoming altar of Fedhas.
  3509 | D:3      | Killed from afar by an orc priest

Illustrated notes

Levels and vault maps discovered:
D:1:      kilobyte_arrival_exit_the_forest, layout_rooms, minmay_hedge_maze,
          minmay_hexomino_u4
D:2:      layout_basic, chequers_ecumenical_altar_simple_redux
D:3:      layout_loops_cross, tso_oasis_becter, grunt_temple_overflow_open,
          serial_undead, serial_undead_c, serial_undead_c, serial_undead_c,
          serial_undead_c, skrybe_limestone_x, lemuel_altar_in_water, uniq_robin

Skill      XL: |  1  2  3 |
---------------+----------+-----
Stealth        | 5 6 7 |  7.6
Short Blades   | |  1.1
Throwing       | |  0.3
Dodging        | |  3.0
Spellcasting   | |  2.6
Hexes          | |  3.6
Ice Magic      | |  0.3

Action                   |  1- 3 |  4- 6 || total
-------------------------+-------+-------++-------
Melee: Dagger            |   151 |    20 ||   171
Throw: Dart              |    13 |     5 ||    18
 Cast: Corona            |     6 |       ||     6
       Ensorcelled Hiber |    12 |     6 ||    18
 Stab: Sleeping          |    15 |     3 ||    18
Armor: Robe              |    16 |     2 ||    18
Dodge: Dodged            |   142 |    18 ||   160
